 Dungeon Crawl Stone Soup version 0.31.0-32-g396128a36d (webtiles) character file.

Game seed: 6469999758695381311

261 mainiacjoe the Conjurer (level 6, 0/36 HPs)
             Began as an Octopode Conjurer on Mar 29, 2024.
             Incinerated by a bombardier beetle (6 damage)
             ... with a burning spray
             ... on level 5 of the Dungeon.
             The game lasted 00:07:54 (4297 turns).

mainiacjoe the Conjurer (Octopode Conjurer)         Turns: 4297, Time: 00:07:55

Health: 0/36       AC:  1    Str:  7    XL:     6   Next: 18%
Magic:  9/9        EV: 13    Int: 22    God:
Gold:   128        SH:  0    Dex: 10    Spells: 3/10 levels left

rFire   . . .        a - +2 dagger (venom)
rCold   . . .        (no shield)
rNeg    . . .        (helmet restricted)
rPois   .            (no amulet)
rElec   .            d - ring of resist corrosion
rCorr   +            (no ring)
SInv    .            (no ring)
Will    .....        (no ring)
Stlth   ++           (no ring)
HPRegen 0.26/turn    (no ring)
MPRegen 0.11/turn    (no ring)
                     (no ring)

%: no passive effects
@: lethally poisoned (0 -> -6), on fire, glowing, invisible (but backlit and
visible)
A: almost no armour, amphibious, 8 rings, camouflage 1, gelatinous body 1,
(nimble swimmer 1), tentacles
a: no special abilities


You were on level 5 of the Dungeon.
You visited 1 branch of the dungeon, and saw 5 of its levels.

You collected 128 gold pieces.

Inventory:

Hand Weapons
 a - a +2 dagger of venom (weapon)
 c - a +1 vampiric short sword
 m - a +0 arbalest
Missiles
 b - 56 stones
Jewellery
 d - a ring of resist corrosion (left tentacle)
 k - a ring of fire
Scrolls
 h - 3 scrolls of teleportation
 j - a scroll of revelation
Potions
 e - 2 potions of haste
 g - a potion of heal wounds {unknown}
 i - a potion of magic
 l - a potion of curing {unknown}
 n - a potion of mutation {unknown}


   Skills:
 - Level 2.6 Dodging
 - Level 3.7 Stealth
 - Level 2.6 Spellcasting
 * Level 5.8 Conjurations
 + Level 2.3 Translocations


You had 3 spell levels left.
You knew the following spells:

 Your Spells              Type           Power      Damage    Failure   Level
a - Magic Dart            Conj           100%       1d8       1%          1
b - Searing Ray           Conj           56%        2d6       1%          2
c - Iskenderun's Mystic   Conj/Tloc      20%        2d6       24%         4

Your spell library contained the following spells:

 Spells                   Type           Power      Damage    Failure   Level
 Hailstorm                Conj/Ice       15%        3d6       12%         3
 Summon Ice Beast         Ice/Summ       2%         N/A       36%         3
 Fulminant Prism          Conj/Alch      7%         3d7       36%         4
 Sculpt Simulacrum        Ice/Alch       1%         N/A       100%        6
 Chain Lightning          Conj/Air       7%         3d10      100%        9
 Fire Storm               Conj/Fire      7%         8d2       100%        9
 Shatter                  Erth           1%         3d5*      100%        9


Dungeon Overview and Level Annotations

Branches:
Dungeon (5/15)
 Temple: D:4-7

Altars:
Gozag

Annotations:
D:3 Sigmund
D:4 exclusion: ogre, Menkaure


Innate Abilities, Weirdness & Mutations

You cannot wear most types of armour.
You are amphibious.
You can wear up to eight rings at the same time.
Your skin changes colour to match your surroundings (Stealth+).
Your rubbery body absorbs attacks. (AC +1, EV +1)
((You are camouflaged when in or above water. (Stealth+)))
You have tentacles for arms and can constrict up to eight enemies at once.


Message History

The liquid fire burns you!
You constrict the bombardier beetle.
The bombardier beetle sprays incendiary fluid at you.
The burning spray hits you.
You are even more covered in liquid fire!
You release your grip on the bombardier beetle.
You shake off some of the fire as you move.
The liquid fire burns you!
An adder comes into view.
You shake off some of the fire as you move.
The liquid fire burns you!
The bombardier beetle sprays incendiary fluid at you.
The burning spray hits you.
You are even more covered in liquid fire!
Found 2 stones.
You shake off some of the fire as you move.
The liquid fire burns you!
You shake off some of the fire as you move.
The liquid fire burns you!
The bombardier beetle sprays incendiary fluid at you.
The burning spray hits you.
You are even more covered in liquid fire!
Found 9 gold pieces.
You shake off some of the fire as you move.
The liquid fire burns you!
You kill the bombardier beetle!
You shake off some of the fire as you move.
The liquid fire burns you!
* * * LOW HITPOINT WARNING * * *
You shake off some of the fire as you move.
The liquid fire burns you!
* * * LOW HITPOINT WARNING * * *
The adder bites you.
* * * LOW HITPOINT WARNING * * *
You are lethally poisoned!
The adder poisons you! The adder barely misses you.
It was a potion of invisibility.
You become transparent, but the glow from your liquid flames prevents you from becoming completely invisible.
The liquid fire burns you!
You die...

## #. #.###### #..#...
##.#†##############
..................#
##<#.#............######
###.#....†.....@.......
.....#.........S..######
.....#................
.....#######...........
.....# #...#........
.....# #.......(.$..
.....# #...#########
...#.# #.###


You could see an adder.

Vanquished Creatures
  A scorpion (D:5)
  A bombardier beetle (D:5)
  Jessica (D:3)
  An iguana (D:4)
  2 adders (D:2)
  A white imp (D:4)
  2 ribbon worms (D:2)
  A dart slug (D:4)
  5 bats
  4 endoplasms
  5 giant cockroaches
  10 goblins
  4 hobgoblins
  14 jackals
  4 quokkas
  7 ball pythons
  4 frilled lizards
  8 kobolds
  2 rats
77 creatures vanquished.

Notes
Turn   | Place    | Note
-------+----------+-------------------------------------------
     0 | D:1      | mainiacjoe the Octopode Conjurer began the quest for the
                  | Orb.
     0 | D:1      | Reached XP level 1. HP: 11/11 MP: 3/3
   250 | D:1      | Reached XP level 2. HP: 14/17 MP: 0/5
   253 | D:1      | Learned a level 2 spell: Searing Ray
  1032 | D:1      | Reached XP level 3. HP: 21/21 MP: 4/6
  1724 | D:2      | Reached XP level 4. HP: 23/27 MP: 3/7
  1729 | D:2      | Learned a level 4 spell: Iskenderun's Mystic Blast
  2744 | D:3      | Noticed Sigmund
  3031 | D:3      | Noticed Jessica
  3035 | D:3      | Killed Jessica
  3036 | D:3      | Reached skill level 1 in Translocations
  3036 | D:3      | Reached XP level 5. HP: 31/31 MP: 3/8
  3295 | D:3      | Found an opulent altar of Gozag.
  3657 | D:4      | Reached skill level 5 in Conjurations
  3963 | D:4      | Noticed an ogre
  3963 | D:4      | Noticed Menkaure
  4254 | D:5      | Entered Level 5 of the Dungeon
  4258 | D:5      | Reached XP level 6. HP: 30/36 MP: 9/9
  4297 | D:5      | Incinerated by a bombardier beetle

Illustrated notes

Levels and vault maps discovered:
D:1:      minmay_arrival_plants_in_alcoves, layout_loops_ring,
          dreamdust_mushroom_princess, corexii_corridor_pit,
          corexii_hall_statues_i
D:2:      layout_basic
D:3:      layout_basic, grunt_gozag_breadcrumbs,
          shapermc_ecumenical_altar_petra, minmay_joined_circles, uniq_jessica,
          uniq_sigmund
D:4:      minmay_angry_zag, layout_gridville, uniq_menkaure
D:5:      layout_basic, mainiacjoe_overflow_alcove_2, trog_hazing_becter,
          uniq_prince_ribbit1

Skill      XL: |  1  2  3  4  5 |
---------------+----------------+-----
Stealth        | 3 |  3.7
Translocations | 1 2 |  2.3
Conjurations   | 5 |  5.8
Dodging        | |  2.6
Spellcasting   | |  2.6

Action                     |  1- 3 |  4- 6 || total
---------------------------+-------+-------++-------
  Melee: Short sword       |     8 |     4 ||    12
         Constrict         |     3 |     5 ||     8
         Tentacles         |     1 |     3 ||     4
         Dagger            |       |     7 ||     7
         Punch             |       |     1 ||     1
   Cast: Magic Dart        |    68 |    25 ||    93
         Searing Ray       |     3 |    18 ||    21
    Use: Scroll            |     3 |     5 ||     8
         Potion            |       |     1 ||     1
   Stab: Sleeping          |       |     3 ||     3
 Armour: Skin              |     4 |     6 ||    10
  Dodge: Dodged            |     9 |     5 ||    14
